← All builds
Tech / Armada / Economy first / OBSERVED BUILD

Standard tech

Armada Tech (Eco) build order · Supreme Isthmus

Rushes T2 by 4:15, gets Advanced Metal Extractor around 5:28, hands off T2 constructors to Geo and the team, then scales eco and supplies the team's T2 needs through the rest of the game.

Usually first T2 con to Geo (83%)

#eco #t2 #team support · 1574 distinct matches · 255 players · 58% of Armada Tech games · team won 53% of 1868 · Recently observed

HOW TO PLAY IT

Key timing: T2 factory by 4:15

  1. Open 3 mex and heavy wind to fund a fast T2 rush.
  2. Put down Bot Lab, planning to eat it for reclaim soon after.
  3. Get Advanced Bot Lab up, hitting the T2 factory rush timing.
  4. Upgrade mex to Advanced Metal Extractor to lock in team metal income.
  5. Eat Advanced Bot Lab and keep sending cons to Geo and Pond.

Phase by phase

TYPICAL OF ITS 1574 GAMES
  1. 1
  2. 2
  3. 3
  4. 4
PLAY THE OPENING

Follow the example game's first 6:00 step by step: what to build now, what comes next, and where it goes. At 1× it keeps pace with your own game.

  1. 1

    Up to the Bot Lab

    Economy
    • Metal Extractor3Mex
    • Wind Turbine4Wind
    Order
    1. Bot LabBot Lab after 3 mex, 4 winddone ~1:18, middle half 1:13–1:32

    Some games also: energy storage (31%)

    By 1:01 in all: 3 mex · 4 wind

    The example game in this phase · 3 steps
    1. Mex ×3
    2. Wind ×4
    3. Bot LabBot Labdone 1:16 · typical 1:18
  2. 2

    Bot Lab to Advanced Bot Lab

    Economy
    • Metal Extractor1Mex
    • Wind Turbine8Wind
    • Energy Storage1Energy storage
    Order
    1. Advanced Bot LabAdvanced Bot Lab after 4 mex, 12 wind, 3 con turretdone ~4:16, middle half 4:04–4:30
    Builders
    • Construction Turret3 Con turret
    • Lazarus3 Lazarus
    • Construction Bot2 Con bot
    • Construction Bot1 Con bot for allies

    Some games also: converter (36%)

    By 3:18 in all: 4 mex · 12 wind · 1 energy storage · 3 con turret

    The example game in this phase · 9 steps
    1. LazarusLazarus
    2. Construction BotCon botfor Geo sea
    3. Wind ×2
    4. LazarusLazarus
    5. Construction BotCon bot
    6. LazarusLazarus
    7. Mex
    8. Construction BotCon bot ×2
    9. Advanced Bot LabAdvanced Bot Labdone 3:35 · typical 4:16
  3. 3

    Advanced Bot Lab to 5:00

    Economy
    • Wind Turbine3Wind
    Order
    1. Bot LabEat Bot Lab
    Builders
    • Advanced Construction Bot1 T2 con bot for allies

    Some games also: converter (35%)

    By 5:00 in all: 4 mex · 15 wind · 1 converter · 1 energy storage · 3 con turret

    The example game in this phase · 9 steps
    1. Wind ×3
    2. Bot LabEat Bot Labreclaimed for its metal
    3. Wind ×3
    4. Advanced Construction BotT2 con botfor Geo
    5. Wind ×2
    6. Advanced Metal ExtractorT2 mexdone 4:51 · typical 5:29
    7. Wind ×4
    8. Advanced Construction BotT2 con botfor Air
    9. Wind
  4. 4

    5:00 to 10:00

    Economy
    • Wind Turbine43Wind
    • Energy Converter6Converter
    Builders
    • Butler9 Butler
    • Advanced Construction Bot4 T2 con bot for allies
    • Advanced Construction Bot1 T2 con bot

    Some games also: con turret (43%) · Butler for allies (37%)

    By 10:00 in all: 4 mex · 58 wind · 8 converter · 1 energy storage · 3 con turret

    The example game in this phase · 203 steps
    1. Wind ×3
    2. Advanced Metal ExtractorT2 mex
    3. Wind ×2
    4. Advanced Construction BotT2 con bot
    5. Wind ×2
    6. ButlerButler
    7. Advanced Metal ExtractorT2 mex
    8. ButlerButler
    9. Advanced Construction BotT2 con botfor Pond
    10. Advanced Metal ExtractorT2 mex
    11. Converter
    12. Advanced Construction BotT2 con botfor Beach sea
    13. ButlerButler
    14. Advanced Construction BotT2 con botfor Geo sea
    15. ButlerButler ×2
    16. Wind
    17. ButlerButler ×2
    18. Wind
    19. ButlerButler
    20. Wind
    21. ButlerButler
    22. Wind
    23. Converter
    24. Wind
    25. ButlerButler
    26. Converter
    27. Wind
    28. ButlerButler
    29. Wind
    30. ButlerButler
    31. Converter
    32. Wind ×2
    33. Con turret
    34. Wind ×2
    35. Converter
    36. Wind ×5
    37. Converter
    38. ButlerButler
    39. Wind ×2
    40. Con turret
    41. Wind ×2
    42. ButlerButler
    43. Wind ×3
    44. Converter
    45. Wind
    46. ButlerButler
    47. Wind ×2
    48. Con turret
    49. Wind ×2
    50. Converter
    51. Wind
    52. ButlerButler
    53. Wind
    54. Energy storage
    55. Wind ×2
    56. Con turret
    57. Wind ×3
    58. Converter
    59. ButlerButler
    60. Wind ×7
    61. Converter
    62. Wind
    63. Converter
    64. Wind
    65. UmbrellaAnti-nukedone 11:06
    66. Wind ×3
    67. Con turret
    68. Converter
    69. Wind ×3
    70. Converter
    71. Wind ×6
    72. Converter ×2
    73. Wind
    74. Converter
    75. Wind
    76. Con turret
    77. Wind ×6
    78. Converter
    79. Wind ×2
    80. Converter ×2
    81. Wind ×5
    82. Converter
    83. Wind ×3
    84. Converter ×2
    85. Wind ×6
    86. Converter
    87. Wind
    88. Converter
    89. Wind
    90. Converter
    91. Wind ×8
    92. Advanced Construction BotT2 con bot
    93. Con turret
    94. Converter ×3
    95. Wind ×8
    96. Converter ×3
    97. Wind ×7
    98. Converter
    99. Wind
    100. Converter
    101. Wind
    102. Con turret
    103. Converter
    104. Wind ×7
    105. Converter
    106. T2 converter
    107. Wind
    108. Converter ×2
    109. Wind ×7
    110. Converter ×2
    111. Wind ×2
    112. Converter
    113. Wind ×3
    114. Advanced Bot LabEat Advanced Bot Labreclaimed for its metal
    115. Wind ×2
    116. Converter ×2
    117. Wind
    118. Converter
    119. Wind ×7
    120. Converter
    121. Con turret
    122. Converter
    123. Wind ×2
    124. Converter
    125. Wind ×3
    126. Con turret
    127. Wind ×2
    128. Converter
    129. Wind
    130. Advanced Fusion ReactorAdvanced Fusion Reactornot finished by 15:00
    131. Wind
    132. Converter ×2
    133. Wind ×5
    134. Converter
    135. Wind ×2
    136. Converter
    137. Wind
    138. Converter
    139. Con turret
    140. Wind ×5
    141. Converter
    142. Con turret
    143. Wind ×3
    144. Converter ×2
    145. Wind ×4
    146. Converter ×2
    147. Wind ×3
    148. Converter
    149. Wind ×3
    150. Converter
    151. Wind ×4
    152. Converter ×2
    153. Wind ×5
    154. Converter ×2
    155. Wind ×3
    156. Converter
    157. Wind ×6
    158. Converter
    159. Wind
    160. Converter ×2
    161. Wind ×5
    162. Converter
    163. Wind ×4
    164. Converter
    165. Wind
    166. Converter
    167. Wind ×5
    168. Converter
    169. Wind ×2
    170. Converter
    171. Wind
    172. Converter
    173. Wind ×5
    174. Converter
    175. Wind ×2
    176. Converter ×2
    177. Wind ×5
    178. Converter
    179. Wind ×3
    180. Converter
    181. Wind ×2
    182. Converter
    183. Wind ×5
    184. Converter ×2
    185. Wind ×2
    186. Converter
    187. Wind ×8
    188. Converter ×2
    189. Wind
    190. Converter
    191. Wind ×5
    192. Converter ×2
    193. Wind ×4
    194. Converter
    195. Wind ×5
    196. Converter
    197. Wind
    198. Converter ×2
    199. Wind ×5
    200. Converter
    201. Wind
    202. Converter
    203. Wind ×2

Counts are medians over the build's games: half of them build more, half fewer. The example game is congxin321's (30 OS, 13/10/2026); pick another.

Team trades

IN AT LEAST 30% OF ITS GAMES

You hand over

  • Construction Bot1 Con bot to Airfirst at 2:24 · in 84% of games
  • Advanced Construction Bot5 T2 con bot to Air or Geo sea or Pondfirst at 4:50 · in 99% of games
  • Butler2 Butler to Geo sea or Beach sea or Pondfirst at 9:07 · in 42% of games

You get

  • Hercules1 Light transport from Airfirst at 4:01 · in 86% of games

How it plays out

Typical game of this build, running totals by minute

Metal produced

020k40k
0:005:0010:0015:00

metal

Enemy metal destroyed

050100
0:005:0010:0015:00

metal

Own metal lost

050100150
0:005:0010:0015:00

metal

1868 games.

Show as table
ByMetal produced: This buildEnemy metal destroyed: This buildOwn metal lost: This build
1:0038300
2:0091500
3:00165100
4:00314300
5:00484800
6:00580000
7:00722700
8:00906100
9:001116900
10:001350200
11:001623900
12:001965200
13:002344100
14:0027357074
15:003153885130
WHAT THE NUMBERS SAY

Standard Tech play barely fights at all early, instead pouring metal into T2 infrastructure and constructors for the team.

  • + Metal produced hits 31679 by 15:00, by far the highest of any role here.
  • + T2 factory reached in 97% of games by 4:15, fastest and most reliable T2 timing.
  • − Enemy metal destroyed stays at 0 through 10:00, no early offense at all.
  • − Own metal lost also near 0, showing total avoidance of combat risk.
THE EXAMPLE YOU ARE READING

congxin321

30.5 OS · 13/10/2026

Open source match ↗

2 received units
2379 metal received · 12213 energy received

Allied construction assistance is unknown. Timings are observations, not a promise of solo reproducibility.

Typical milestones

Bot Lab1:18Middle 50%: 1:13–1:32 · n=1868
Advanced Bot Lab4:16Middle 50%: 4:04–4:30 · n=1861
Advanced Metal Extractor5:29Middle 50%: 5:06–5:59 · n=1864

Played most by

Amrissa93games of this buildTheGeneraI66games of this buildAdeus57games of this buildEl_Turco56games of this buildKOT_43games of this build